AoeStats
← Kiritastrich

MegaRandom

504211192Analyzed
1v1 RM · 27d ago on Sep 4, 2026· 23m 43s· 2 players
Game mode
Random Map
Map size
Tiny (2 player)
Population
200
Speed
Normal
Resources
Standard
Victory
Conquest
Starting age
Dark Age
Ending age
Imperial Age
RankedLock teamsTeams togetherTeam positionsShared explorationLock speedFull tech treeHidden civsTurbo modeCheats
Victory
Defeat
🇩🇪 Koreans · Germany
1910
+12
🇷🇺 Armenians · Russia
1826
-12
Kiritastrich
0:30 Loom
9:21 Feudal Age
10:13 Double-Bit Axe
11:11 Town Watch
10:53 Man-at-Arms
11:57 Long Swordsman
20:55 Castle Age
20:02 Fletching
22:17 Medium Warships
21:47 Elite Skirmisher
22:30 Bodkin Arrow
Twitch_ActionMarc
0:29 Loom
8:41 Feudal Age
9:07 Double-Bit Axe
15:04 Fletching
20:36 Castle Age
20:49 Crossbowman
21:24 Bodkin Arrow
21:43 Medium Warships
Connection lost

Rejoining the realm…

Still unreachable

The connection could not be restored.

Session expired

The server has moved on; the page needs a fresh start.